Map: King Sejong Station LE

Players

Fropez - Winner!

  • Race: Protoss Protoss
  • League: Gold
  • Spawn Location: 11:00

IlIllIIIlIIl

  • Race: Zerg Zerg
  • League: Gold
  • Spawn Location: 5:00

VOD

Have the link to the VOD?

Description

Time

  • Played on: Nov. 2, 2016, 7:09 p.m.
  • Length: 18:26
Show
View Real Time Build Order
Export as new Build Order

Fropez Protoss - Winner!

Build Orders: 1 Gate Expand, Zealot Archon 

Get SALT Encoding   

  12  0:00  Probe (Chrono Boost)  
  13  0:14  Probe (Chrono Boost)  
  13  0:20  Pylon  
  14  0:25  Probe (Chrono Boost)  
  15  0:38  Probe (Chrono Boost), Gateway  
  16  0:49  Probe (Chrono Boost)  
  17  0:54  Gateway  
  17  0:59  Probe (Chrono Boost)  
  17  1:03  Assimilator  
  19  1:18  Probe (Chrono Boost)  
  19  1:29  Probe (Chrono Boost)  
  20  1:37  Nexus  
  20  1:44  Pylon  
  20  1:45  Probe (Chrono Boost)  
  21  1:57  Cybernetics Core  
  21  2:01  Probe (Chrono Boost)  
  21  2:06  Assimilator  
  22  2:18  Probe (Chrono Boost)  
  22  2:20  Gateway  
  23  2:34  Adept, Mothership Core (Chrono Boost)  
  23  2:36  Adept  
  28  2:50  Probe (Chrono Boost)  
  29  2:52  Warp Gate (Chrono Boost)  
  30  2:58  Probe (Chrono Boost)  
  30  3:03  Probe (Chrono Boost)  
  30  3:04  Pylon  
  31  3:07  Adept  
  33  3:37  Probe x2 (Chrono Boost)  
  33  3:38  Twilight Council  
  33  3:39  Pylon  
  33  3:41  Adept x2  
  39  3:42  Adept  
  41  3:50  Probe (Chrono Boost)  
  41  3:51  Probe (Chrono Boost)  
  41  3:55  Assimilator  
  43  4:01  Probe (Chrono Boost)  
  44  4:03  Pylon  
  44  4:05  Probe  
  45  4:20  Probe  
  45  4:21  Probe  
  45  4:23  Resonating Glaives (Chrono Boost)  
  47  4:27  Adept x2  
  47  4:28  Adept  
  53  4:41  Gateway  
  53  4:43  Probe x2  
  55  5:04  Templar Archives  
  55  5:09  Probe  
  55  5:10  Robotics Facility  
  55  5:11  Probe  
  55  5:12  Assimilator  
  57  5:14  Adept  
  57  5:15  Adept x2  
  61  5:34  Gateway  
  61  5:36  Gateway  
  61  5:38  Pylon  
  62  5:42  Probe  
  62  5:43  Probe  
  62  5:46  Adept  
  65  5:55  Probe x2  
  67  5:57  Warp Prism  
  67  5:58  Pylon  
  69  6:07  Probe x2  
  69  6:09  Blink (Chrono Boost)  
  49  6:33  Probe x2, Forge  
  49  6:34  Forge  
  51  6:40  Adept  
  51  6:41  Adept x2  
  51  6:45  Probe  
  51  6:46  Probe  
  59  6:48  Immortal  
  63  7:04  High Templar x2  
  63  7:06  High Templar  
  63  7:07  High Templar  
  71  7:08  Archon  
  71  7:11  Archon  
  71  7:27  Observer  
  72  7:38  Adept  
  72  7:39  Adept x5  
  72  7:40  Probe x2  
  72  7:42  Protoss Ground Weapons Level 1 (Chrono Boost), Protoss Ground Armor Level 1 (Chrono Boost)  
  80  8:41  Pylon  
  80  8:45  Pylon  
  80  8:47  Photon Cannon  
  80  8:48  Pylon  
  80  8:58  Probe x2  
  80  9:00  Adept x2  
  80  9:01  Adept x3  
  80  9:02  Adept  
  94  9:10  Probe x2  
  94  9:13  Pylon  
  94  9:15  Pylon  
  96  9:18  Pylon  
  96  9:22  Pylon, Probe x2  
  96  9:23  Stalker x3  
  104  9:24  Stalker x2  
  108  9:39  Nexus  
  108  9:40  Photon Cannon  
  108  9:43  Photon Cannon  
  108  9:45  Photon Cannon  
  108  9:49  Photon Cannon  
  78  10:04  Probe x2  
  74  10:09  Gateway  
  74  10:16  Probe x2, Gateway  
  76  10:21  Gateway x2  
  76  10:26  Stalker x4  
  83  10:36  Protoss Ground Weapons Level 2 (Chrono Boost)  
  83  10:46  Probe  
  83  10:47  Probe  
  85  10:53  High Templar x2  
  85  10:54  High Templar x2  
  93  10:57  Archon  
  93  10:59  Archon  
  93  11:12  High Templar x4  
  93  11:16  Archon x2  
  101  11:19  Adept x2  
  101  11:25  Photon Cannon  
  105  11:28  Probe x2, Photon Cannon  
  105  11:30  Photon Cannon  
  105  11:31  Warp Prism  
  109  11:40  Adept x4  
  109  11:41  Adept x2  
  109  11:45  Probe  
  109  11:46  Probe  
  123  11:49  Probe  
  123  11:50  Assimilator  
  124  11:54  Assimilator  
  124  11:58  Probe  
  125  12:04  High Templar  
  125  12:05  High Templar x3  
  133  12:09  Archon x2  
  131  12:29  Stalker x3  
  137  13:00  Adept x2  
  137  13:01  Adept x5  
  137  13:02  Adept x3  
  133  13:54  Adept x5  
  133  13:55  Adept x5  
  147  14:06  Protoss Ground Armor Level 2 (Chrono Boost)  
  147  14:07  Protoss Ground Weapons Level 3 (Chrono Boost)  
  147  14:12  Nexus  
  147  14:15  Pylon  
  147  14:16  Pylon  
  147  14:20  Pylon  
  147  14:24  High Templar x5  
  147  14:26  Pylon  
  147  14:28  Archon x2  
  100  15:15  Adept  
  100  15:16  Adept x5  
  100  15:17  Adept x4  
  114  15:38  Charge  
  114  15:39  Gateway  
  114  15:41  Gateway  
  114  15:43  Gateway  
  114  15:48  Gateway  
  114  15:51  Gateway  
  100  15:58  Zealot  
  100  15:59  Zealot x7  
  100  16:00  Zealot x2  
  120  16:11  Protoss Ground Armor Level 3 (Chrono Boost)  
  120  16:23  Protoss Shields Level 1 (Chrono Boost)  
  100  16:35  Nexus  
  100  16:36  High Templar x2  
  100  16:37  High Templar x4  
  100  16:39  Assimilator  
  112  16:40  Archon  
  112  16:41  Archon x2  
  111  16:53  High Templar  
  113  16:59  Archon  
  113  17:08  Zealot x2  
  113  17:09  Zealot x5  
  113  17:10  Zealot  
  127  17:31  Zealot  
  127  17:32  Zealot x7  
  127  17:33  Zealot x5  
  127  17:34  Zealot x2  
  131  18:17  Zealot x5  
  131  18:18  Zealot x6  
  131  18:19  Zealot  
Show
View Real Time Build Order
Export as new Build Order

IlIllIIIlIIl Zerg 

Build Orders: Hatch First, Muta Ling Bane 

Get SALT Encoding   

  12  0:02  Drone  
  13  0:09  Drone  
  14  0:17  Overlord  
  14  0:35  Drone x3  
  17  0:49  Drone  
  18  0:56  Hatchery  
  17  1:01  Drone  
  17  1:03  Extractor  
  17  1:17  Spawning Pool  
  17  1:18  Drone  
  17  1:22  Drone  
  18  1:30  Drone  
  19  1:44  Overlord  
  19  2:01  Drone  
  20  2:03  Hatchery  
  20  2:05  Zergling x2  
  20  2:11  Queen  
  22  2:17  Zergling x2  
  22  2:20  Drone  
  24  2:40  Drone x2  
  24  2:41  Drone x3  
  29  2:44  Metabolic Boost  
  29  2:51  Drone  
  30  2:58  Queen  
  30  3:02  Drone x2  
  34  3:13  Zergling x2  
  34  3:14  Zergling x2  
  36  3:22  Drone  
  36  3:24  Queen  
  36  3:26  Overlord  
  39  3:35  Extractor  
  39  3:38  Extractor  
  37  3:41  Spore Crawler  
  36  3:49  Drone x2  
  36  3:50  Drone  
  36  3:51  Overlord  
  36  3:53  Drone x5  
  44  3:56  Lair  
  44  4:02  Drone x3  
  47  4:08  Pneumatized Carapace  
  47  4:12  Drone x2  
  49  4:23  Zergling x6  
  49  4:24  Zergling x10  
  57  4:33  Drone  
  58  4:43  Roach Warren  
  58  4:44  Zergling x2  
  58  4:46  Overlord  
  58  4:47  Overlord x3  
  58  5:11  Zergling x6  
  61  5:27  Zergling x2  
  61  5:28  Zergling x8  
  66  5:33  Extractor  
  65  5:36  Spire  
  65  5:38  Drone x2  
  65  5:39  Queen  
  68  5:44  Zergling x2  
  68  5:45  Zergling x16  
  68  5:46  Zergling x6  
  68  5:49  Overlord  
  80  5:50  Baneling Nest  
  79  6:01  Zergling x12  
  85  6:04  Glial Reconstitution  
  85  6:12  Overlord x3  
  85  6:13  Drone x3  
  70  6:26  Zergling x8  
  70  6:27  Zergling x4  
  71  6:37  Drone x5  
  76  6:49  Drone x3  
  79  6:57  Overlord x2  
  79  6:58  Overlord  
  79  7:13  Roach x6  
  79  7:14  Roach x4  
  97  7:41  Queen  
  97  7:42  Queen  
  101  7:50  Mutalisk  
  101  7:51  Mutalisk x7  
  103  7:53  Spore Crawler  
  116  8:09  Drone x5  
  115  8:36  Zergling x8  
  115  8:37  Zergling x14  
  115  8:38  Baneling x13  
  115  8:41  Queen  
  129  8:55  Zergling x4  
  129  8:56  Zergling x4  
  129  8:57  Drone x2  
  134  9:05  Drone x3  
  134  9:06  Extractor x2  
  134  9:41  Centrifical Hooks  
  125  9:58  Zergling x2  
  125  9:59  Zergling x28  
  125  10:01  Mutalisk  
  124  10:08  Drone x2  
  124  10:12  Drone  
  127  10:20  Drone x2  
  129  10:31  Hatchery  
  128  10:39  Overlord x4, Roach x4  
  136  10:52  Zergling x4  
  136  10:53  Zergling x4  
  140  11:00  Evolution Chamber  
  140  11:03  Evolution Chamber  
  138  11:09  Zergling x6  
  138  11:10  Overlord x3, Zergling x2  
  138  11:11  Overlord, Drone  
  142  11:12  Drone x2  
  145  11:24  Overseer  
  145  11:26  Zergling x6  
  145  11:27  Drone x3  
  145  11:32  Baneling x13  
  151  11:33  Hatchery  
  151  11:35  Zergling x4  
  152  11:44  Zergling x6  
  152  11:45  Overlord, Zergling x4  
  157  11:48  Overseer  
  158  11:54  Zergling x6  
  158  11:55  Drone  
  159  12:18  Roach x3  
  159  12:19  Overlord x4, Roach x4  
  159  12:21  Zergling x2  
  174  12:31  Zerg Ground Armor Level 1, Zerg Missile Weapons Level 1  
  174  12:32  Zergling x2  
  174  12:33  Zergling x6  
  162  12:44  Roach  
  162  12:45  Roach x4  
  162  12:50  Zergling x6  
  173  13:03  Zergling x18  
  156  13:14  Zergling x6  
  156  13:15  Zergling x2  
  156  13:30  Zergling x10  
  156  13:32  Mutalisk  
  156  13:33  Mutalisk x2  
  167  13:43  Spore Crawler  
  165  13:57  Zergling x6  
  165  13:58  Zergling x24  
  165  14:00  Baneling  
  165  14:01  Baneling x25  
  180  14:09  Overlord x3  
  180  14:19  Extractor  
  180  14:20  Extractor  
  180  14:23  Zergling x6  
  181  14:24  Infestation Pit, Roach x3  
  181  14:25  Roach x2  
  141  15:07  Zergling x2  
  141  15:08  Zergling x20  
  144  15:14  Overseer  
  144  15:25  Zergling x6  
  144  15:26  Zergling x4  
  144  15:27  Hatchery  
  139  15:39  Drone x3  
  142  15:50  Zergling x8  
  143  16:00  Baneling x14  
  143  16:01  Baneling x6  
  143  16:04  Zergling x6  
  137  16:27  Mutalisk, Roach  
  137  16:28  Roach x2  
  137  16:32  Drone  
  143  16:48  Drone x3  
  145  17:18  Zergling x2  
  145  17:19  Zergling x16  
  154  17:33  Drone  
  154  17:34  Drone x4  
  159  17:37  Drone  
  159  17:40  Drone  
Tags
 
Add a new tag
Caveats
  • Supply blocks, unpowered buildings, or Contaminate may cause inaccurate times.
  • Supply counts are checked every 10 seconds.